[Event "Titled Tuesday Blitz July 18 Late 2023"]
[White "Smirnov, Pavel"]
[Black "Melikhov, Evgeny V."]
[WhiteFideId "4123425"]
[BlackFideId "4122046"]
[WhiteElo "2704"]
[BlackElo "2411"]
[Result "1-0"]
[Round "1"]
[TimeControl "180+2"]
[Date "2023.07.18"]
[WhiteClock "0:01:35"]
[BlackClock "0:00:10"]
[Board "74"]

1. d4 Nf6 2. c4 e6 3. g3 d5 4. Nf3 dxc4 5. Bg2 Nc6 6. Qa4 Bb4+ 7. Bd2 Bd6 8. Ne5 O-O 9. Nxc6 bxc6 10. Qxc4 Rb8 11. Qc2 Rb6 12. O-O Bb7 13. Nc3 Qa8 14. Na4 Rb5 15. Nc5 Bxc5 16. dxc5 Ba6 17. b4 Rbb8 18. Rfe1 Rbd8 19. a3 Bb7 20. Bc3 Nd5 21. Bb2 a5 22. e4 Ne7 23. Qc3 f6 24. Bh3 e5 25. f4 exf4 26. gxf4 Bc8 27. Bg2 axb4 28. axb4 Qb8 29. Qc4+ Kh8 30. e5 Nd5 31. e6 Rfe8 32. f5 Qb5 33. Qxb5 cxb5 34. Rad1 Ne7 35. Rxd8 Rxd8 36. Be4 Kg8 37. Ra1 Kf8 38. Ra7 c6 39. Kf1 Rd2 40. Bc3 Rxh2 41. Ra8 Rh3 42. Bd2 Rb3 43. Bxc6 Nxf5 44. Rxc8+ Ke7 45. Re8# 1-0


[Site "https://www.chess.com"]

[Event "Titled Tuesday Blitz July 18 Late 2023"]
[White "Ortega Ruiz, Jose Miguel"]
[Black "Dimitrov, Atanas"]
[WhiteFideId "2209713"]
[BlackFideId "2901315"]
[WhiteElo "2405"]
[BlackElo "2703"]
[Result "0-1"]
[Round "1"]
[TimeControl "180+2"]
[Date "2023.07.18"]
[WhiteClock "0:00:48"]
[BlackClock "0:01:43"]
[Board "75"]

1. e4 c5 2. Nf3 d6 3. d4 cxd4 4. Nxd4 Nf6 5. Nc3 Nc6 6. Bg5 e6 7. Be2 Be7 8. O-O O-O 9. Qd2 Nxd4 10. Qxd4 Bd7 11. Rad1 Bc6 12. f3 h6 13. Bxf6 Bxf6 14. Qxd6 Qb6+ 15. Kh1 Qxb2 16. e5 Qxc3 17. exf6 Qxf6 18. Bd3 Rfd8 19. Qb4 Rd4 20. Qc5 Rd5 21. Qb4 Rad8 22. a4 Rd4 23. Qb3 Rxa4 24. Bb5 Rxd1 25. Rxd1 Ra1 0-1


[Site "https://www.chess.com"]

[Event "Titled Tuesday Blitz July 18 Late 2023"]
[White "Darini, Pouria"]
[Black "Luong Phuong Hanh"]
[WhiteFideId "12502200"]
[BlackFideId "12401013"]
[WhiteElo "2703"]
[BlackElo "2405"]
[Result "1-0"]
[Round "1"]
[TimeControl "180+2"]
[Date "2023.07.18"]
[WhiteClock "0:02:21"]
[BlackClock "0:02:06"]
[Board "76"]

1. d4 Nf6 2. Bf4 g6 3. Nc3 d5 4. e3 c6 5. h4 h6 6. Nf3 Bg7 7. Ne5 Nbd7 8. Be2 O-O 9. Qd2 b5 10. Nxc6 Qe8 11. Bxb5 Nh5 12. Nxd5 Nxf4 13. Nc7 Ne6 14. Nxe8 Rxe8 15. O-O a6 16. Bc4 Nb6 17. Bb3 Nc7 18. Qa5 1-0


[Site "https://www.chess.com"]

[Event "Titled Tuesday Blitz July 18 Late 2023"]
[White "Fieberg, Samuel"]
[Black "Wieczorek, Oskar"]
[WhiteFideId "12901717"]
[BlackFideId "1133950"]
[WhiteElo "2403"]
[BlackElo "2700"]
[Result "0-1"]
[Round "1"]
[TimeControl "180+2"]
[Date "2023.07.18"]
[WhiteClock "0:00:52"]
[BlackClock "0:01:36"]
[Board "77"]

1. d4 Nf6 2. Nc3 c5 3. d5 g6 4. e4 d6 5. h3 Bg7 6. Nf3 O-O 7. Be2 e6 8. O-O exd5 9. exd5 Re8 10. a4 Ne4 11. Nxe4 Rxe4 12. Nd2 Rd4 13. c3 Rxd5 14. f4 Nc6 15. Qb3 Be6 16. Qxb7 Na5 17. Qa6 Bc8 0-1


[Site "https://www.chess.com"]

[Event "Titled Tuesday Blitz July 18 Late 2023"]
[White "Quintiliano Pinto, Renato R."]
[Black "Yolosz"]
[WhiteFideId "2117568"]
[WhiteElo "2696"]
[BlackElo "2403"]
[Result "1-0"]
[Round "1"]
[TimeControl "180+2"]
[Date "2023.07.18"]
[WhiteClock "0:00:29"]
[BlackClock "0:00:03"]
[Board "78"]

1. Nf3 d5 2. b3 Bf5 3. Bb2 e6 4. g3 Nf6 5. Bg2 Be7 6. O-O c6 7. c4 h6 8. d3 O-O 9. Nbd2 Nbd7 10. a3 Bh7 11. b4 a5 12. Bc3 axb4 13. axb4 Qc7 14. Qb3 Rfb8 15. Qb2 Qd8 16. b5 Rxa1 17. Rxa1 Ra8 18. bxc6 bxc6 19. Nd4 Rxa1+ 20. Qxa1 Qc8 21. Qa4 c5 22. Nc6 Bf8 23. Bxf6 Nxf6 24. h3 Qd7 25. Nb3 Qd6 26. Qb5 Bf5 27. g4 Bg6 28. Nba5 Nd7 29. Qb7 Ne5 30. cxd5 exd5 31. Bxd5 h5 32. g5 Nxc6 33. Qxc6 Qe5 34. h4 Kh7 35. Nc4 Qf4 36. Be4 Qg4+ 37. Kf1 Qxh4 38. Bxg6+ fxg6 39. Qd5 Be7 40. Ne5 Bxg5 41. e3 Qh3+ 42. Ke2 Qg4+ 43. Nxg4 1-0


[Site "https://www.chess.com"]

[Event "Titled Tuesday Blitz July 18 Late 2023"]
[White "Seyhanoglu, Deniz"]
[Black "Bashirli, Nail"]
[WhiteFideId "6302572"]
[BlackFideId "13406809"]
[WhiteElo "2402"]
[BlackElo "2696"]
[Result "1-0"]
[Round "1"]
[TimeControl "180+2"]
[Date "2023.07.18"]
[WhiteClock "0:00:08"]
[BlackClock "0:00:00"]
[Board "79"]

1. e4 Nf6 2. Nc3 d5 3. e5 Nfd7 4. d4 c5 5. f4 Nc6 6. Nf3 cxd4 7. Nxd4 e6 8. Be3 Bc5 9. Be2 a6 10. Qd2 Nxd4 11. Bxd4 b5 12. O-O Qb6 13. Rad1 Bxd4+ 14. Qxd4 Qxd4+ 15. Rxd4 Rb8 16. Bf3 Bb7 17. Ne2 Ke7 18. c3 Rhc8 19. Rd2 a5 20. Nd4 b4 21. cxb4 Ba6 22. b5 Bxb5 23. Be2 Bxe2 24. Rxe2 Rb4 25. Rd1 Rcc4 26. Red2 a4 27. b3 Rc5 28. a3 Rb8 29. b4 Rc3 30. Rd3 Rbc8 31. Kf2 Nb6 32. Ke2 Kd7 33. g3 Rxd3 34. Rxd3 Rc1 35. Nb5 Nc4 36. Nc3 Rc2+ 37. Kf3 Rxh2 38. Nxa4 h5 39. Nc5+ Kc6 40. a4 Nd2+ 41. Ke3 Nc4+ 42. Kd4 Nb2 43. Rc3 Nc4 44. a5 Kb5 45. a6 Rd2+ 46. Rd3 Ra2 47. f5 Re2 48. fxe6 fxe6 49. Nxe6 Nxe5 50. Rd1 1-0


[Site "https://www.chess.com"]

[Event "Titled Tuesday Blitz July 18 Late 2023"]
[White "Papp, Levente"]
[Black "cedchass2006"]
[WhiteFideId "751243"]
[WhiteElo "2695"]
[BlackElo "2402"]
[Result "1-0"]
[Round "1"]
[TimeControl "180+2"]
[Date "2023.07.18"]
[WhiteClock "0:00:18"]
[BlackClock "0:00:00"]
[Board "80"]

1. b3 e5 2. Bb2 Nc6 3. c4 Nf6 4. Nf3 d6 5. d4 exd4 6. Nxd4 Nxd4 7. Qxd4 Be7 8. Nc3 O-O 9. e3 Ne8 10. Be2 Bf6 11. Qd2 Be6 12. O-O c6 13. Rad1 Qe7 14. Bf3 Rd8 15. Ne2 Bxb2 16. Qxb2 Qf6 17. Qa3 a6 18. Qb4 Qe7 19. a4 Nf6 20. Rd2 Qc7 21. Nf4 d5 22. cxd5 Bxd5 23. Nxd5 Nxd5 24. Bxd5 Rxd5 25. Rxd5 cxd5 26. h3 Rd8 27. a5 g6 28. Rd1 Rd7 29. h4 h5 30. g3 Qd6 31. Qxd6 Rxd6 32. e4 d4 33. f4 b6 34. e5 Rc6 35. axb6 Rxb6 36. Rd3 Rb4 37. Kf2 a5 38. Kf3 a4 39. bxa4 Rxa4 40. Ke4 Kg7 41. Rxd4 Ra3 42. Rd3 Ra1 43. Rd7 Ra4+ 44. Kd5 Ra5+ 45. Kd6 Ra6+ 46. Ke7 Re6+ 47. Kd8 Ra6 48. Ke8 Ra8+ 49. Ke7 Ra6 50. Rd3 Ra7+ 51. Kd6 Ra8 52. Kd5 Rd8+ 53. Ke4 Ra8 54. Re3 Ra4+ 55. Kf3 Ra5 56. Rd3 Ra7 57. f5 gxf5 58. Kf4 Ra1 59. Kxf5 Ra5 60. Re3 Ra8 61. Kg5 Rh8 62. Rf3 Re8 63. Rf5 Rc8 64. Kxh5 Rc3 65. Kg4 Rc4+ 66. Rf4 Rc3 67. h5 Re3 68. Rf5 Re4+ 69. Kg5 Re3 70. h6+ Kg8 71. g4 Re4 72. Kh5 Re1 73. Rg5+ Kh8 74. Rf5 1-0


[Site "https://www.chess.com"]

[Event "Titled Tuesday Blitz July 18 Late 2023"]
[White "Djabri, Massinas"]
[Black "Rastbod, Ali"]
[WhiteFideId "7905726"]
[BlackFideId "12567477"]
[WhiteElo "2400"]
[BlackElo "2689"]
[Result "0-1"]
[Round "1"]
[TimeControl "180+2"]
[Date "2023.07.18"]
[WhiteClock "0:00:00"]
[BlackClock "0:00:12"]
[Board "81"]

1. d4 Nc6 2. e4 d5 3. e5 Bf5 4. Nf3 e6 5. Be2 f6 6. O-O fxe5 7. dxe5 a6 8. b3 Nh6 9. Bb2 Bc5 10. c4 dxc4 11. Bxc4 Qxd1 12. Rxd1 Ng4 13. Rf1 O-O 14. h3 Nh6 15. Nbd2 Nf7 16. a3 Rad8 17. b4 Bd4 18. Nxd4 Nxd4 19. Nb3 Nxb3 20. Bxb3 Rd2 21. Bc3 Rd3 22. Rac1 c6 23. Bc4 Rxc3 24. Rxc3 Nxe5 25. Rd1 Kf7 26. Be2 Ke7 27. a4 Rc8 28. b5 axb5 29. axb5 c5 30. b6 Nd7 31. Bf3 Nxb6 32. Bxb7 Rc7 33. Bf3 c4 34. Rdc1 e5 35. g4 Be6 36. Be4 h6 37. Ra3 Nd5 38. Bxd5 Bxd5 39. Kf1 Kf6 40. h4 Rc6 41. Ke2 g5 42. h5 e4 43. Ke3 Be6 44. Kd4 Rd6+ 45. Kxe4 Rd2 46. f3 Re2+ 47. Kd4 Rd2+ 48. Ke3 Rb2 49. Ra6 Ke5 50. Ra5+ Kf6 51. Rc5 Rb3+ 52. Ke4 Rb4 53. Rc6 Ke7 54. Ke5 Rb5+ 55. Kd4 Rd5+ 56. Ke4 Rd2 57. R6xc4 Bxc4 58. Rxc4 Kf6 59. Rc6+ Kg7 60. Rc7+ Kf6 61. Rc6+ Kg7 62. Ke5 Rd3 63. Rc7+ Kg8 64. Kf6 Rd6+ 0-1


[Site "https://www.chess.com"]

[Event "Titled Tuesday Blitz July 18 Late 2023"]
[White "Shuvalova, Polina"]
[Black "Yordanov, Nikolay Plamenov"]
[WhiteFideId "24171760"]
[BlackFideId "2907445"]
[WhiteElo "2681"]
[BlackElo "2400"]
[Result "1-0"]
[Round "1"]
[TimeControl "180+2"]
[Date "2023.07.18"]
[WhiteClock "0:00:14"]
[BlackClock "0:00:16"]
[Board "82"]

1. f4 Nf6 2. Nf3 d5 3. g3 c5 4. Bg2 Nc6 5. O-O e6 6. d3 Be7 7. Nbd2 O-O 8. e4 dxe4 9. dxe4 b6 10. Qe2 Bb7 11. c3 Qc7 12. e5 Nd5 13. Ne4 Rad8 14. Bd2 Qc8 15. Rad1 Ba6 16. c4 Ndb4 17. Bxb4 Nxb4 18. b3 Bb7 19. Nd6 Bxd6 20. exd6 Qc6 21. a3 Na6 22. Nh4 Qc8 23. Rd3 Bxg2 24. Qxg2 Nb8 25. f5 exf5 26. Nxf5 Qe6 27. Qf3 Kh8 28. Re3 Qf6 29. Rd1 g6 30. Ne7 Qxf3 31. Rxf3 Kg7 32. b4 Rd7 33. bxc5 bxc5 34. Rd5 Rfd8 35. Rb3 Na6 36. Nc6 Re8 37. Ne5 Rdd8 38. Rb7 Rf8 39. Nc6 Rc8 40. Nxa7 Rce8 41. d7 Re2 42. d8=Q Rxd8 43. Rxd8 h5 44. Rdd7 Kf6 45. Rxf7+ Kg5 46. Rf4 Nb8 47. h4+ Kh6 48. Rxb8 g5 49. Rb6+ Kg7 50. hxg5 h4 51. gxh4 Re7 52. Nb5 Kh7 53. Rbf6 Re1+ 54. Kf2 Re8 55. h5 Kg8 56. g6 Kg7 57. Rf7+ Kh6 58. Rh7+ Kg5 59. Rff7 Re4 60. Re7 Rxc4 61. Nd6 Rc2+ 62. Kf3 Rc3+ 63. Re3 Rc1 64. Ne4+ Kh4 65. g7 Rf1+ 66. Ke2 Rf2+ 67. Kxf2 Kg4 68. g8=Q+ Kf4 69. Qg5# 1-0


[Site "https://www.chess.com"]

[Event "Titled Tuesday Blitz July 18 Late 2023"]
[White "Chabris, Christopher"]
[Black "Vetoshko, Volodymyr"]
[WhiteFideId "2005263"]
[BlackFideId "14122480"]
[WhiteElo "2400"]
[BlackElo "2680"]
[Result "0-1"]
[Round "1"]
[TimeControl "180+2"]
[Date "2023.07.18"]
[WhiteClock "0:00:06"]
[BlackClock "0:00:13"]
[Board "83"]

1. e4 c5 2. Nf3 e6 3. d4 cxd4 4. Nxd4 a6 5. c4 Nf6 6. Nc3 Qc7 7. a3 b6 8. Be2 Bb7 9. f3 d6 10. Be3 Nbd7 11. Rc1 Be7 12. O-O O-O 13. b4 Rac8 14. Qd2 Qb8 15. Rfd1 h5 16. Bf1 Ne5 17. Na4 Nfd7 18. Nb3 h4 19. h3 Nxc4 20. Bxc4 b5 21. Na5 bxc4 22. Nxc4 d5 23. Ncb6 Nxb6 24. Nxb6 Rxc1 25. Rxc1 Rd8 26. exd5 Bxd5 27. Qf2 Bb7 28. Na4 Qe5 29. Bc5 Bg5 30. Re1 Qf5 31. Be3 Bf6 32. Nc5 Bc6 33. Rc1 Bb5 34. a4 Bd3 35. Rd1 Bc4 36. Rxd8+ Bxd8 37. Qd2 Qb1+ 38. Kf2 Qf1# 0-1


[Site "https://www.chess.com"]

[Event "Titled Tuesday Blitz July 18 Late 2023"]
[White "Boyer, Mahel"]
[Black "Zenin, Dmitry"]
[WhiteFideId "45102422"]
[BlackFideId "4127897"]
[WhiteElo "2680"]
[BlackElo "2399"]
[Result "1-0"]
[Round "1"]
[TimeControl "180+2"]
[Date "2023.07.18"]
[WhiteClock "0:00:47"]
[BlackClock "0:00:00"]
[Board "84"]

1. e4 e5 2. Nf3 Nc6 3. Bc4 Bc5 4. c3 Nf6 5. d3 a6 6. O-O Ba7 7. b4 O-O 8. h3 d5 9. exd5 Nxd5 10. Re1 Be6 11. Ng5 b5 12. Bb3 h6 13. Nxe6 fxe6 14. Rf1 Qh4 15. Qe2 Rf6 16. Kh2 Raf8 17. f3 Rg6 18. Qe1 Qxe1 19. Rxe1 Bf2 20. Re4 Bg3+ 21. Kg1 h5 22. a4 Kh7 23. axb5 axb5 24. Ra6 Nce7 25. Bd2 Nf5 26. Na3 Nh4 27. Kf1 Nxg2 28. Rxe6 Rxe6 29. Kxg2 Rg6 30. Bxd5 Bf4+ 31. Kf2 Bxd2 32. Nxb5 Bf4 33. Rc4 Rg3 34. Be4+ Kh8 35. Rxc7 Rxh3 36. Nd6 Rh2+ 37. Kg1 Rb2 38. Nf7+ Rxf7 39. Rc8+ 1-0


[Site "https://www.chess.com"]

[Event "Titled Tuesday Blitz July 18 Late 2023"]
[White "Al Mukhaini, Shima"]
[Black "Olsen, Filip Boe"]
[WhiteFideId "22005854"]
[BlackFideId "1440640"]
[WhiteElo "2396"]
[BlackElo "2671"]
[Result "0-1"]
[Round "1"]
[TimeControl "180+2"]
[Date "2023.07.18"]
[WhiteClock "0:02:16"]
[BlackClock "0:02:05"]
[Board "85"]

1. b3 d5 2. Bb2 Nf6 3. e3 g6 4. d4 Bg7 5. Nf3 O-O 6. Bd3 c5 7. O-O b6 8. Nbd2 Bb7 9. Ne5 Nbd7 10. f4 Rc8 11. Qe2 Ne4 12. Nxe4 dxe4 13. Bb5 Nxe5 14. fxe5 cxd4 15. exd4 a6 16. Bxa6 Bxa6 17. Qxa6 Rxc2 18. Rf2 Rxb2 0-1


[Site "https://www.chess.com"]

[Event "Titled Tuesday Blitz July 18 Late 2023"]
[White "Adewumi, Tanitoluwa"]
[Black "Hoffmann, Asa"]
[WhiteFideId "30966396"]
[BlackFideId "2001470"]
[WhiteElo "2671"]
[BlackElo "2396"]
[Result "1-0"]
[Round "1"]
[TimeControl "180+2"]
[Date "2023.07.18"]
[WhiteClock "0:01:22"]
[BlackClock "0:00:09"]
[Board "86"]

1. e4 d6 2. d4 c6 3. Nc3 a6 4. Be3 g6 5. Qd2 Bg7 6. h4 h6 7. f3 b5 8. a3 Nd7 9. Nh3 Nb6 10. Nf2 Nf6 11. b3 Qc7 12. Be2 Bb7 13. O-O Rd8 14. Rad1 Nfd7 15. a4 b4 16. a5 Nc8 17. Na4 Qxa5 18. Nd3 c5 19. dxc5 dxc5 20. Ndxc5 Bc6 21. Nxa6 Bc3 22. Nxc3 bxc3 23. Qd4 e5 24. Qc4 O-O 25. Qxc6 Ne7 26. Qc7 Qxc7 27. Nxc7 Kg7 28. Nb5 Nc6 29. Nxc3 Nb4 30. Rd2 Rc8 31. Rxd7 Rxc3 32. Bd2 Rxc2 33. Bxb4 Rxe2 34. Bxf8+ Kxf8 35. Rb1 1-0


[Site "https://www.chess.com"]

[Event "Titled Tuesday Blitz July 18 Late 2023"]
[White "Wu, Sibo"]
[Black "Tatarinov, Dmitry"]
[WhiteFideId "8606048"]
[BlackFideId "24160067"]
[WhiteElo "2396"]
[BlackElo "2670"]
[Result "1-0"]
[Round "1"]
[TimeControl "180+2"]
[Date "2023.07.18"]
[WhiteClock "0:00:25"]
[BlackClock "0:00:31"]
[Board "87"]

1. d4 Nf6 2. Bf4 d6 3. Nc3 g6 4. e4 Bg7 5. Qd2 O-O 6. O-O-O c6 7. Bh6 Qa5 8. Kb1 b5 9. f3 b4 10. Nce2 Be6 11. Nc1 Nbd7 12. h4 Nb6 13. g4 Rfb8 14. h5 Bh8 15. hxg6 fxg6 16. Nh3 Na4 17. Nb3 Bxb3 18. cxb3 Nb6 19. Nf4 Rd8 20. Ne6 Rd7 21. Bg5 Re8 22. Qh2 Na8 23. f4 Nc7 24. Nxc7 Qxc7 25. Bxf6 exf6 26. e5 d5 27. Qh6 fxe5 28. fxe5 c5 29. Bd3 Qc6 30. Rdf1 c4 31. Bc2 Qb6 32. Qf4 Bg7 33. Rh2 Rf8 34. Qc1 Qxd4 35. Rxf8+ Bxf8 36. e6 Re7 37. Qe1 Bg7 38. Bd1 Rxe6 39. Qxe6+ Kf8 40. Qe1 Be5 41. Rf2+ Kg7 42. Re2 Bf6 43. Re6 a5 44. g5 Bxg5 45. Qe5+ Bf6 46. Qxd4 Bxd4 47. Rd6 c3 48. Rxd5 Bf6 49. bxc3 Bxc3 50. Rxa5 h5 51. Rg5 Kh6 52. Rg1 g5 53. Kc2 g4 54. Bxg4 hxg4 55. Rxg4 1-0


[Site "https://www.chess.com"]

[Event "Titled Tuesday Blitz July 18 Late 2023"]
[White "Omelja, Artem"]
[Black "Garcia Cuenca, Victor"]
[WhiteFideId "14119846"]
[BlackFideId "2250829"]
[WhiteElo "2669"]
[BlackElo "2385"]
[Result "0-1"]
[Round "1"]
[TimeControl "180+2"]
[Date "2023.07.18"]
[WhiteClock "0:00:02"]
[BlackClock "0:00:10"]
[Board "88"]

1. e4 e6 2. d3 d5 3. Nd2 Nc6 4. Ngf3 Bc5 5. c3 dxe4 6. dxe4 e5 7. b4 Bd6 8. Bb5 Nf6 9. O-O O-O 10. h3 Ne7 11. Qc2 a6 12. Ba4 b5 13. Bb3 Ng6 14. Re1 Qe7 15. a3 c5 16. bxc5 Bxc5 17. Nf1 Bb7 18. Ng3 Rac8 19. a4 b4 20. c4 Qc7 21. a5 Rfd8 22. Bg5 Qc6 23. Ba4 Qe6 24. Rad1 h6 25. Bxf6 Qxf6 26. Rxd8+ Rxd8 27. Rd1 Rxd1+ 28. Qxd1 Nf4 29. Nf5 Bxe4 30. Ne3 Nxh3+ 31. Kf1 Ng5 32. Nxg5 hxg5 33. Qe2 Qg6 34. Bc2 Bxe3 35. Bxe4 Qxe4 36. fxe3 b3 37. Qd2 Qc2 38. Qd7 b2 39. Qc8+ Kh7 40. Qh3+ Kg6 0-1


[Site "https://www.chess.com"]

[Event "Titled Tuesday Blitz July 18 Late 2023"]
[White "Bueno, Alfeu Junior Varela"]
[Black "Lewicki, Miroslaw"]
[WhiteFideId "2108879"]
[BlackFideId "1113380"]
[WhiteElo "2385"]
[BlackElo "2666"]
[Result "1-0"]
[Round "1"]
[TimeControl "180+2"]
[Date "2023.07.18"]
[WhiteClock "0:00:39"]
[BlackClock "0:00:00"]
[Board "89"]

1. e4 b5 2. Bxb5 Bb7 3. Nc3 a6 4. Bc4 e6 5. Nf3 Nf6 6. Qe2 Be7 7. d4 d5 8. Bd3 dxe4 9. Nxe4 O-O 10. O-O Nc6 11. c3 Nd5 12. Bg5 f6 13. Bd2 Qd7 14. Rae1 Rae8 15. Bxa6 Bxa6 16. Qxa6 Ra8 17. Qc4 Na5 18. Qd3 Qa4 19. a3 Nb3 20. c4 Nb6 21. c5 Nd5 22. Nc3 Nxc3 23. Bxc3 Qd7 24. Qc4 Rfb8 25. Rxe6 Kf8 26. Rfe1 Bd8 27. c6 Qf7 28. Bb4+ Be7 29. Bxe7+ Kg8 30. Bb4 Na5 31. Bxa5 1-0


[Site "https://www.chess.com"]

[Event "Titled Tuesday Blitz July 18 Late 2023"]
[White "Bjelobrk, Igor"]
[Black "Lalanne, Pablo"]
[WhiteFideId "4300726"]
[BlackFideId "112151"]
[WhiteElo "2664"]
[BlackElo "2385"]
[Result "1-0"]
[Round "1"]
[TimeControl "180+2"]
[Date "2023.07.18"]
[WhiteClock "0:00:35"]
[BlackClock "0:01:15"]
[Board "90"]

1. d4 Nf6 2. c4 e6 3. g3 d5 4. Nf3 Bb4+ 5. Bd2 Be7 6. Bg2 O-O 7. O-O c6 8. Qc2 Nbd7 9. Bf4 b6 10. Nbd2 Nh5 11. e3 g5 12. cxd5 gxf4 13. dxc6 fxe3 14. fxe3 Ba6 15. cxd7 Bxf1 16. Rxf1 Bd6 17. Qc6 Qc7 18. Qb5 a6 19. Qxh5 Qxd7 20. Ng5 1-0


[Site "https://www.chess.com"]

[Event "Titled Tuesday Blitz July 18 Late 2023"]
[White "Eggleston, Thomas A"]
[Black "Schnaider, Ilan"]
[WhiteFideId "412139"]
[BlackFideId "169013"]
[WhiteElo "2384"]
[BlackElo "2659"]
[Result "0-1"]
[Round "1"]
[TimeControl "180+2"]
[Date "2023.07.18"]
[WhiteClock "0:00:00"]
[BlackClock "0:00:13"]
[Board "91"]

1. e4 c5 2. Nf3 d6 3. Bc4 Nf6 4. d3 e6 5. O-O Be7 6. c3 O-O 7. Bb3 Nc6 8. Re1 b5 9. Nbd2 Bb7 10. d4 Qb6 11. Nf1 e5 12. dxe5 dxe5 13. Ng3 Rad8 14. Qe2 Bc8 15. Nh4 g6 16. h3 Rfe8 17. a4 a6 18. axb5 axb5 19. Be3 b4 20. cxb4 Qxb4 21. Bc4 Nd4 22. Bxd4 Rxd4 23. b3 Red8 24. Ra7 Bb7 25. Rea1 Nxe4 26. Ngf5 Bxh4 27. Nxh4 Rd2 28. Qe3 Rxf2 29. Kh2 Rf4 30. Nf3 Rf5 31. R1a4 Qb6 32. Nh4 Rf4 33. Nf3 Bc6 34. Rxf7 Rxf7 35. Ng5 Nxg5 36. Qxg5 Bd5 37. Bxd5 Rxd5 38. Ra8+ Kg7 0-1


[Site "https://www.chess.com"]

[Event "Titled Tuesday Blitz July 18 Late 2023"]
[White "Amburgy, Ryan"]
[Black "whiteglovethief"]
[WhiteFideId "30924820"]
[WhiteElo "2658"]
[BlackElo "2384"]
[Result "1-0"]
[Round "1"]
[TimeControl "180+2"]
[Date "2023.07.18"]
[WhiteClock "0:02:35"]
[BlackClock "0:01:57"]
[Board "92"]

1. Nf3 Nf6 2. c4 g6 3. Nc3 Bg7 4. e4 d6 5. d4 O-O 6. Be2 e5 7. Be3 Nc6 8. d5 Ne7 9. Nd2 Nd7 10. b4 f5 11. f3 Nf6 12. c5 Kh8 13. Nc4 fxe4 14. fxe4 Nxe4 15. Nxe4 Nf5 16. O-O Qh4 17. Qd3 Nd4 18. Rxf8+ 1-0


[Site "https://www.chess.com"]

[Event "Titled Tuesday Blitz July 18 Late 2023"]
[White "Willy, Stephen"]
[Black "Alex_Sahakyan2006"]
[WhiteFideId "30981468"]
[WhiteElo "2378"]
[BlackElo "2657"]
[Result "0-1"]
[Round "1"]
[TimeControl "180+2"]
[Date "2023.07.18"]
[WhiteClock "0:00:09"]
[BlackClock "0:01:04"]
[Board "93"]

1. e4 e5 2. Nf3 Nc6 3. c3 Nf6 4. d4 exd4 5. e5 Nd5 6. Bc4 Nb6 7. Bb3 d5 8. cxd4 Bg4 9. Be3 Be7 10. Nc3 O-O 11. Bc2 Nc4 12. Rb1 f6 13. Qd3 g6 14. Nd2 Nb4 15. Nxc4 Nxd3+ 16. Bxd3 dxc4 17. Bxc4+ Kh8 18. h3 Bf5 19. Rd1 c6 20. h4 b5 21. Bb3 fxe5 22. dxe5 Qc7 23. Bd4 Rad8 24. h5 b4 25. hxg6 Bxg6 26. Nd5 cxd5 27. O-O Rf4 28. e6+ Rxd4 29. Rxd4 Qe5 30. Rfd1 Be4 31. f3 Bc5 0-1


[Site "https://www.chess.com"]

[Event "Titled Tuesday Blitz July 18 Late 2023"]
[White "Karttunen, Mika"]
[Black "Todorovic, Bojan"]
[WhiteFideId "502081"]
[BlackFideId "917087"]
[WhiteElo "2649"]
[BlackElo "2376"]
[Result "1-0"]
[Round "1"]
[TimeControl "180+2"]
[Date "2023.07.18"]
[WhiteClock "0:00:12"]
[BlackClock "0:00:00"]
[Board "94"]

1. e4 g6 2. d4 Bg7 3. Nc3 d6 4. Be3 a6 5. Qd2 Nd7 6. f4 b5 7. Nf3 Bb7 8. d5 Ngf6 9. a3 c6 10. dxc6 Bxc6 11. e5 Ng4 12. exd6 O-O 13. Bd4 exd6 14. Bxg7 Re8+ 15. Be2 Bxf3 16. Bd4 Qh4+ 17. g3 Qe7 18. O-O-O Bxe2 19. Rde1 Qe6 20. Rxe2 Qc4 21. Rhe1 Rec8 22. h3 Nh6 23. g4 a5 24. b3 Qc6 25. Kb2 b4 26. axb4 axb4 27. Na4 Nc5 28. Bxc5 dxc5 29. Ra1 c4 30. Qxb4 Rab8 31. Qc3 cxb3 32. Qxc6 Rxc6 33. cxb3 f5 34. g5 Nf7 35. Rc2 Re6 36. Rac1 Re3 37. Rc8+ 1-0


[Site "https://www.chess.com"]

[Event "Titled Tuesday Blitz July 18 Late 2023"]
[White "Topalov, Aleksandar"]
[Black "Lamaze, Simon"]
[WhiteFideId "925659"]
[BlackFideId "36069264"]
[WhiteElo "2375"]
[BlackElo "2649"]
[Result "0-1"]
[Round "1"]
[TimeControl "180+2"]
[Date "2023.07.18"]
[WhiteClock "0:00:00"]
[BlackClock "0:00:05"]
[Board "95"]

1. b3 e5 2. Bb2 Nc6 3. c4 g6 4. Nc3 Bg7 5. g3 Nge7 6. Bg2 O-O 7. a3 a5 8. e3 d6 9. Nge2 f5 10. O-O h6 11. Qc2 g5 12. f4 Ng6 13. Nd5 Be6 14. d4 e4 15. Nxc7 Qxc7 16. d5 Bxb2 17. Qxb2 Qg7 18. Qxg7+ Kxg7 19. dxe6 Kf6 20. Rad1 Kxe6 21. Nc3 Nge7 22. Nb5 Rad8 23. Rd2 d5 24. Nc7+ Kd6 25. Nxd5 Kc5 26. Rfd1 b6 27. Bf1 Rd7 28. Nxb6 Rxd2 29. Na4+ Kd6 30. Rxd2+ Kc7 31. c5 gxf4 32. gxf4 Ng6 33. Kf2 Nh4 34. Nb6 Rf7 35. Bb5 Rg7 36. Kf1 Nf3 37. Rg2 Rf7 38. Rg6 Na7 39. Bc4 Rh7 40. Kg2 Ne1+ 41. Kg3 Nc2 42. Kf2 Nxa3 43. Be6 Rh8 44. Bxf5 Rd8 45. Bxe4 Rd2+ 46. Kf3 N7b5 47. Rg7+ Kd8 48. c6 Rd1 49. Rg8+ Ke7 50. Nd5+ Kd6 51. c7 Nxc7 52. Rg6+ Kd7 53. Rg7+ Kd8 54. Nxc7 Rf1+ 55. Kg2 Rc1 56. Ne6+ Kc8 57. Nd4 Rc3 58. Kf3 Rc1 59. f5 a4 60. f6 Nc4 0-1


[Site "https://www.chess.com"]

[Event "Titled Tuesday Blitz July 18 Late 2023"]
[White "Begmuratov, Alisher"]
[Black "Silva, Pedro Gil Ferreira Da"]
[WhiteFideId "14203367"]
[BlackFideId "1946102"]
[WhiteElo "2648"]
[BlackElo "2375"]
[Result "1-0"]
[Round "1"]
[TimeControl "180+2"]
[Date "2023.07.18"]
[WhiteClock "0:01:55"]
[BlackClock "0:00:55"]
[Board "96"]

1. c4 c5 2. g3 Nc6 3. Bg2 g6 4. Nf3 Bg7 5. O-O e5 6. Nc3 Nge7 7. a3 d6 8. Rb1 a5 9. d3 O-O 10. Bg5 h6 11. Bxe7 Qxe7 12. Ne1 Be6 13. Nc2 f5 14. Nd5 Qf7 15. b4 axb4 16. axb4 Ra2 17. bxc5 dxc5 18. Rb6 Rd8 19. Qb1 Ra7 20. Nce3 Rd7 21. Qb5 Nd4 22. Qxc5 Nxe2+ 23. Kh1 f4 24. Rxe6 Qxe6 25. Qxa7 fxe3 26. fxe3 h5 27. Qa2 1-0


[Site "https://www.chess.com"]